 Dungeon Crawl Stone Soup version 0.25-a0-458-g6fc7858b95 (webtiles) character file.

Game seed: 15013241060232387343, levelgen mode: deterministic

291906 mopl the Fighter (level 20, 0/174 HPs)
             Began as a Purple Draconian Venom Mage on Feb 3, 2020.
             Was the Champion of Cheibriados.
             Shot with an arrow by Vashnia (41 damage)
             ... on level 2 of the Snake Pit.
             The game lasted 02:13:24 (35690 turns).

mopl the Fighter (Purple Draconian Venom Mage)     Turns: 35690, Time: 02:13:25

Health: 0/174      AC: 17    Str: 34    XL:     20   Next: 31%
Magic:  40/44      EV: 25    Int: 43    God:    Cheibriados [******]
Gold:   2682       SH: 19    Dex: 28    Spells: 12/39 levels left

rFire    + . .     SeeInvis +   b - +0 demon blade (flame)
rCold    + + .     Gourm    .   Q - +4 shield "Qoejehat" {rC+ Str-2 SInv}
rNeg     + . .     Faith    +   (armour unavailable)
rPois    .         Spirit   .   g - +3 hat of Pondering {ponderous, MR+ MP+10 Int+5}
rElec    .         Reflect  .   h - scarf {cloud immunity}
rCorr    .         Harm     .   y - +2 pair of gloves {archery}
MR       ++++.                  d - +0 pair of boots
Stlth    +++++.....             G - amulet of faith {!P}
HPRegen  0.39/turn              k - ring "Uzoteut" {rF+ Str+4 SInv}
MPRegen  0.29/turn              X - ring "Sayckour" {rC+ rN+ Str+6 Stlth+}

@: lethally poisoned (0 -> -2), about to teleport, very slow
A: breathe power, unfitting armour, cold-blooded, AC +10
}: 1/15 runes: decaying
a: Breathe Dispelling Energy, Bend Time, Temporal Distortion, Slouch, Step From
Time, Renounce Religion


You were on level 2 of the Snake Pit.
You worshipped Cheibriados.
Cheibriados was exalted by your worship.
You were not hungry.

You visited 6 branches of the dungeon, and saw 32 of its levels.
You also visited: Ossuary, Bailey and Volcano.

You collected 4684 gold pieces.
You spent 2002 gold pieces at shops.

Inventory:

Hand Weapons
 b - a +0 demon blade of flaming (weapon)
 T - a +3 double sword
Missiles
 f - 6 boomerangs of dispersal
 s - 17 javelins
 A - 3 throwing nets
 K - 7 curare-tipped darts
 O - 55 boomerangs (quivered)
Armour
 d - a +0 pair of boots (worn)
 g - the +3 hat of Pondering (worn) {ponderous, MR+ MP+10 Int+5}
   (You bought it in a shop on level 1 of the Orcish Mines)

   It affects your intelligence (+5).
   It affects your resistance to hostile enchantments.
   It affects your magic capacity (+10).
   If you remove this armour, your AC will fall 3 points (17 -> 14)
 h - a scarf of cloud immunity (worn)
 y - a +2 pair of gloves of archery (worn)
 Q - the +4 shield "Qoejehat" (worn) {rC+ Str-2 SInv}
   (You found it on level 6 of the Lair of Beasts)

   It affects your strength (-2).
   It protects you from cold.
   It lets you see invisible.
   If you remove this armour, your AC will rise 0 points (17 -> 17)
Magical Staves
 a - an uncursed staff of poison
Jewellery
 k - the ring "Uzoteut" (left hand) {rF+ Str+4 SInv}
   (You acquired it on level 12 of the Dungeon)

   [ring of see invisible]

   It affects your strength (+4).
   It protects you from fire.
   It lets you see invisible.
 F - an uncursed ring of resist corrosion
 G - an amulet of faith (around neck) {!P}
 H - the ring "Hifumn" {MR+ Dex+4}
   (You found it on level 6 of the Dungeon)

   [ring of protection from magic]

   It affects your dexterity (+4).
   It affects your resistance to hostile enchantments.
 N - an uncursed ring of flight
 X - the ring "Sayckour" (right hand) {rC+ rN+ Str+6 Stlth+}
   (You found it on level 11 of the Dungeon)

   [ring of protection from cold]

   It affects your strength (+6).
   It protects you from cold.
   It protects you from negative energy.
   It makes you more stealthy.
Wands
 o - a wand of enslavement (8)
 r - a wand of paralysis (19)
 D - a wand of iceblast (36)
 M - a wand of disintegration (32)
 S - a wand of flame (11)
 Y - a wand of digging (5)
Scrolls
 e - 12 scrolls of identify
 i - 10 scrolls of teleportation
 j - 6 scrolls of magic mapping
 l - 8 scrolls of immolation
 q - a scroll of silence {!r}
 u - 16 scrolls of remove curse
 E - 7 scrolls of fog
 I - 8 scrolls of blinking
 U - a scroll of vulnerability
Potions
 m - 11 potions of curing
 t - 8 potions of heal wounds
 v - 5 potions of invisibility
 w - 8 potions of might
 z - 7 potions of flight
 B - 2 potions of magic
 J - 2 potions of cancellation
 L - 3 potions of lignification {!q}
 P - 4 potions of resistance
 Z - 5 potions of agility
Miscellaneous
 p - a phial of floods
 x - a phantom mirror
 R - 2 sacks of spiders
 V - a box of beasts
Comestibles
 c - 47 rations


   Skills:
 + Level 14.3 Fighting
 * Level 10.1 Long Blades
 + Level 11.5 Throwing
 + Level 12.5 Dodging
 + Level 5.6 Stealth
 + Level 9.5 Shields
 - Level 10.0 Spellcasting
 - Level 2.0 Conjurations
 - Level 4.0 Hexes
 + Level 3.5 Translocations
 - Level 10.0 Transmutations
 - Level 6.0 Fire Magic
 - Level 2.0 Ice Magic
 - Level 3.0 Air Magic
 - Level 12.1 Poison Magic
 - Level 14.0 Invocations
 - Level 10.0 Evocations


You had 12 spell levels left.
You knew the following spells:

 Your Spells              Type           Power        Failure   Level  Hunger
a - Apportation           Tloc           ######       1%          1    None
b - Poisonous Vapours     Pois/Air       ######       1%          2    None
c - Ice Form              Ice/Tmut       ######..     2%          4    None
d - Mephitic Cloud        Conj/Pois/Air  ######..     1%          3    None
e - Blink                 Tloc           N/A          1%          2    None
g - Ignite Poison         Fire/Tmut/Pois #######.     1%          3    None
h - Inner Flame           Hex/Fire       ######..     1%          3    None
o - Olgreb's Toxic Radia  Pois           #######.     1%          4    None
y - Yara's Violent Unrav  Hex/Tmut       ######....   4%          5    None

Your spell library contained the following spells:

 Spells                   Type           Power        Failure   Level  Hunger
 Corona                   Hex            ######.      1%          1    None
 Foxfire                  Conj/Fire      ####         1%          1    None
 Magic Dart               Conj           ####         1%          1    None
 Shock                    Conj/Air       ####         1%          1    None
 Sting                    Tmut/Pois      ####         1%          1    None
 Passwall                 Tmut/Erth      ######..     1%          2    None
 Slow                     Hex            ######..     1%          2    None
 Confusing Touch          Hex            ######..     1%          3    None
 Conjure Flame            Conj/Fire      ######..     1%          3    None
 Gell's Gravitas          Tloc           ######....   1%          3    None
 Lesser Beckoning         Tloc           ######....   1%          3    None
 Portal Projectile        Hex/Tloc       ######       1%          3    None
 Tukima's Dance           Hex            ######..     1%          3    None
 Alistair's Intoxication  Tmut/Pois      #######.     1%          5    None
 Animate Skeleton         Necr           N/A          2%          1    None
 Pain                     Necr           ###.         2%          1    None
 Sandblast                Erth           ###...       2%          1    None
 Summon Butterflies       Summ           ###.....     2%          1    None
 Summon Small Mammal      Summ           ###.         2%          1    None
 Swiftness                Chrm/Air       ####....     2%          2    None
 Static Discharge         Conj/Air       #####...     3%          3    None
 Summon Guardian Golem    Hex/Summ       #####...     3%          3    None
 Petrify                  Tmut/Erth      ######..     3%          4    None
 Call Imp                 Summ           ###.....     4%          2    None
 Stone Arrow              Conj/Erth      ####..       5%          3    None
 Cause Fear               Hex            ######....   5%          4    None
 Sticky Flame             Conj/Fire      ######..     5%          4    None
 Call Canine Familiar     Summ           ###.....     9%          3    None
 Vampiric Draining        Necr           ###.......   9%          3    None
 Airstrike                Air            #####.....   9%          4    None
 Leda's Liquefaction      Hex/Erth       #####.....   12%         4    None
 Summon Lightning Spire   Summ/Air       ####....     16%         4    None
 Fireball                 Conj/Fire      ######....   16%         5    None
 Summon Ice Beast         Ice/Summ       ####....     19%         4    None
 Metabolic Englaciation   Hex/Ice        #####.....   22%         5    None
 Bolt of Magma            Conj/Fire/Erth #####.....   26%         5    None
 Animate Dead             Necr           N/A          28%         4    None
 Lightning Bolt           Conj/Air       #####.....   28%         5    None
 Summon Mana Viper        Hex/Summ       #####...     34%         5    None
 Iskenderun's Battlesphe  Conj/Chrm      ####....     45%         5    None
 Agony                    Necr           ###.....     61%         5    None
 Lee's Rapid Deconstruct  Erth           ###.......   61%         5    None
 Invisibility             Hex            ######..     63%         6    ###....
 Dispersal                Tloc           ######....   71%         6    ###....
 Freezing Cloud           Conj/Ice/Air   #####.....   86%         6    ###....
 Ozocubu's Refrigeration  Ice            #####.....   88%         6    ###....
 Iron Shot                Conj/Erth      ####......   96%         6    ###....
 Simulacrum               Ice/Necr       ####......   96%         6    ###....
 Orb of Destruction       Conj           #####.....   100%        7    #####..
 Spellforged Servitor     Conj/Summ      ####......   100%        7    #####..
 Summon Hydra             Summ           ###.......   100%        7    #####..
 Controlled Blink         Tloc           N/A          100%        8    ######.
 Disjunction              Tloc           ######....   100%        8    ######.
 Ignition                 Fire           ######....   100%        8    ######.
 Shatter                  Erth           ###.......   100%        9    #######
 Tornado                  Air            #####.....   100%        9    #######


Dungeon Overview and Level Annotations

Branches:
Dungeon (15/15)            Temple (0/1) D:7            Lair (6/6) D:8
  Swamp (4/4) Lair:2        Snake (2/4) Lair:4        Slime (0/5) Lair:5
    Orc (2/2) D:11            Elf (3/3) Orc:2        Vaults (0/5) D:14
 Depths (0/5) D:15        Ossuary (visited)          Bailey (visited)
Volcano (visited)

Altars:
Cheibriados
Gozag
Hepliaklqana
Kikubaaqudgha
Makhleb
Nemelex Xobeh
Qazlal
Ru
Sif Muna
Vehumet
Wu Jian
Xom
Yredelemnul
Zin
Beogh

Shops:
D:5 *   D:7 [   D:11 *   Orc:1 [[:   Orc:2 ==*[(   Elf:3 !

Annotations:
Snake:2 Vashnia
Elf:2 5 runed translucent doors


Innate Abilities, Weirdness & Mutations

You can breathe bolts of dispelling energy.
Your rich purple scales are hard. (AC +10)
You cannot fit into any form of body armour.
You are cold-blooded and may be slowed by cold attacks.


Message History

Confirm with . or Enter, or press ? or * to list all spells.
You blink.
You feel sick.
Vashnia casts a spell.
Vashnia magically shoots an arrow.
The arrow hits you!!!
* * * LOW HITPOINT WARNING * * *
Found a ration and a +0 hand axe.
You feel much better.
You feel sick.
Vashnia shoots an arrow.
You block the arrow.
As you read the scroll of teleportation, it crumbles to dust.
You feel strangely unstable.
You feel sick.
Vashnia gestures wildly while chanting.
The salamander mystic blinks!
Evoke which item? (* to show all) (? for menu, Esc to quit)
Aiming: Iceblast
Press: ? - help, Shift-Dir - straight line, f - Vashnia, p - salamander
Aim: Vashnia, wielding a +5 longbow, wearing a +2 naga barding of stealth and quivering 4 arrows (moderately wounded, catching her breath)
The mass of ice explodes!
The iceblast engulfs Vashnia!!
Vashnia is moderately wounded.
You feel sick.
Vashnia shoots an arrow.
The arrow hits you!!!
You die... . ... ### .... #..
N.N

#ยง##'##.....
. #N#.%)#....
..
#@#...#...###
...
#.#####..#...
... #(#
#..... ..
#)#####..# #.
#(N(.....# #.
#####....# ##
##...# #
###.#### #
###...<######


You could see Vashnia, a salamander mystic and a friendly salamander.

Vanquished Creatures
  Saint Roka (Orc:2)
  Rupert (Lair:4)
  2 deep elf master archers (Elf:3)
  A deep elf blademaster (Elf:3)
  3 thorn hunters
  3 orc warlords
  Louise (Swamp:2)
  10 deep elf sorcerers
  A large abomination (Elf:3)
  3 deep elf elementalists (Elf:3)
  A stone giant (Orc:2)
  2 deep elf demonologists (Elf:3)
  6 dire elephants (Lair:6)
  8 deep elf annihilators
  8 deep elf death magi
  3 deep elf high priests
  A yaktaur captain (D:15)
  An ogre mage (D:15)
  5 naga warriors
  24 hydras
  Fannar (Orc:1)
  2 centaur warriors (D:15)
  A ghost crab (Swamp:4)
  4 shambling mangroves
  A catoblepas (Lair:2)
  7 two-headed ogres
  18 dancing weapons
  14 alligators
  6 anacondas
  A tengu warrior (D:13)
  3 shock serpents (Snake:1)
  6 naga sharpshooters (Snake:2)
  2 orc high priests
  Urug (D:10)
  15 deep elf knights
  13 spriggans
  8 skeletal warriors
  4 unseen horrors
  A death drake (shapeshifter) (Elf:1)
  2 spriggan druids (Swamp:4)
  11 swamp dragons
  2 small abominations (Elf:3)
  15 deep elf archers
  5 naga ritualists
  10 orc knights
  2 anaconda skeletons (Volcano)
  A wizard (D:14)
  5 cyclopes
  8 mana vipers
  6 orc sorcerers
  7 ugly things
  8 salamanders
  43 deep elf magi
  A manticore (shapeshifter) (Elf:3)
  3 manticores
  An ice statue (D:8)
  2 guardian serpents (Snake:2)
  32 black mambas
  Joseph (D:7)
  13 elephants
  A molten gargoyle (Lair:1)
  8 naga magi
  A torpor snail (Lair:3)
  6 gargoyles
  A kobold demonologist (D:11)
  18 spiny frogs
  A komodo dragon (shapeshifter) (D:15)
  A yaktaur (shapeshifter) (Elf:1)
  7 komodo dragons
  10 centaur skeletons
  4 rime drakes
  A freezing wraith (D:14)
  3 yaktaurs (D:14)
  A tengu conjurer (D:13)
  8 tyrant leeches
  A polar bear (Lair:6)
  6 trolls
  3 harpy skeletons (Volcano)
  15 hornets
  11 blink frogs
  20 slime creatures
  3 dream sheep (Lair:3)
  7 bog bodies
  14 hippogriffs
  4 air elementals
  A centaur simulacrum (D:14)
  Sigmund (D:2)
  2 vampires
  2 flying skulls (Volcano)
  4 water elementals (Elf:1)
  4 wyverns
  An alligator skeleton (Volcano)
  A shadow (Swamp:1)
  30 yaks
  3 wraiths
  3 hungry ghosts
  2 steam dragons
  A basilisk (Lair:4)
  44 vampire mosquitoes
  7 wargs
  16 swamp worms
  23 insubstantial wisps
  28 nagas
  A water moccasin (shapeshifter) (D:14)
  7 water moccasins
  2 acid dragons
  8 porcupines
  2 black bears
  2 sky beasts
  50 orc warriors
  12 swamp drakes
  An eye of draining (D:14)
  A phantom (D:4)
  A hornet zombie (D:11)
  8 ice beasts
  A necrophage (D:11)
  17 wolves
  20 ogres
  4 centaurs
  11 crocodiles
  A big kobold (D:13)
  20 bullfrogs
  4 earth elementals
  5 scorpions
  11 killer bees
  A spriggan skeleton (Volcano)
  A troll skeleton (Volcano)
  13 wights
  3 bullfrog zombies
  5 crimson imps
  22 orc priests
  2 bullfrog skeletons
  4 centaur zombies
  12 hounds
  4 jellies
  2 quasits
  27 orc wizards
  Jessica (D:2)
  2 iguanas
  Terence (D:2)
  10 worker ants
  5 hell rats (Lair:6)
  A big kobold zombie (Ossuary)
  3 naga skeletons (Volcano)
  8 mummies (Ossuary)
  10 gnolls
  A howler monkey skeleton (D:11)
  9 adders
  3 shadow imps
  2 oozes (D:2)
  An adder skeleton (D:8)
  3 worms
  2 dart slugs (D:3)
  5 leopard geckos
  104 orcs
  2 ball pythons
  8 bats
  A bat zombie (D:5)
  3 giant cockroaches (D:3)
  A gnoll zombie (Ossuary)
  13 hobgoblins
  3 jackals (D:4)
  25 kobolds
  3 quokkas
  3 frilled lizards
  14 goblins
  2 hobgoblin zombies (Ossuary)
  A kobold zombie (Ossuary)
  A leopard gecko zombie (D:6)
  3 orc zombies (Ossuary)
  A quokka skeleton (D:7)
  7 rats
  5 briar patches (Swamp:4)
  4 crawling corpses (Elf:3)
  A plant (Lair:6)
1256 creatures vanquished.

Vanquished Creatures (others)
  2 fungi
  5 plants
7 creatures vanquished.

Grand Total: 1263 creatures vanquished

Notes
Turn   | Place    | Note
-------+----------+-------------------------------------------
     0 | D:1      | mopl the Draconian Venom Mage began the quest for the Orb.
     0 | D:1      | Reached XP level 1. HP: 14/14 MP: 3/3
   464 | D:1      | Reached XP level 2. HP: 20/20 MP: 1/5
   598 | D:1      | Learned a level 2 spell: Poisonous Vapours
   714 | D:1      | Reached XP level 3. HP: 26/26 MP: 4/6
   719 | D:1      | Learned a level 3 spell: Mephitic Cloud
  1014 | D:2      | Noticed Sigmund
  1030 | D:2      | Killed Sigmund
  1030 | D:2      | Reached skill level 3 in Spellcasting
  1030 | D:2      | Reached skill level 1 in Conjurations
  1030 | D:2      | Reached skill level 2 in Transmutations
  1030 | D:2      | Reached skill level 1 in Air Magic
  1030 | D:2      | Reached skill level 4 in Poison Magic
  1030 | D:2      | Reached XP level 4. HP: 27/33 MP: 1/8
  1030 | D:2      | Reached XP level 5. HP: 31/38 MP: 1/9
  1035 | D:2      | Learned a level 3 spell: Ignite Poison
  1064 | D:2      | Noticed Terence
  1082 | D:2      | Killed Terence
  1100 | D:2      | Reached skill level 2 in Air Magic
  1123 | D:2      | Noticed Jessica
  1125 | D:2      | Killed Jessica
  1125 | D:2      | Reached XP level 6. HP: 33/45 MP: 4/10
  1492 | D:3      | Reached skill level 2 in Conjurations
  1492 | D:3      | Reached skill level 3 in Transmutations
  1499 | D:3      | Reached skill level 1 in Fire Magic
  2233 | D:4      | Your scales start taking on a rich purple colour.
  2233 | D:4      | Reached skill level 4 in Spellcasting
  2233 | D:4      | Reached XP level 7. HP: 47/50 MP: 5/13
  2244 | D:4      | Found a shimmering altar of Xom.
  2244 | D:4      | Found a shimmering altar of Xom.
  2244 | D:4      | Found a shimmering altar of Xom.
  2248 | D:4      | Found a shimmering altar of Xom.
  2253 | D:4      | Reached skill level 2 in Fire Magic
  2329 | D:4      | Learned a level 4 spell: Olgreb's Toxic Radiance
  2393 | D:4      | Reached skill level 3 in Air Magic
  2513 | D:4      | Reached skill level 5 in Spellcasting
  2513 | D:4      | Reached skill level 4 in Transmutations
  2513 | D:4      | Reached skill level 5 in Poison Magic
  2906 | D:4      | Found a stormy altar of Qazlal.
  2930 | D:4      | Reached XP level 8. HP: 41/57 MP: 10/16
  3043 | D:4      | Found a snail-covered altar of Cheibriados.
  3047 | D:4      | Found a basalt altar of Yredelemnul.
  3047 | D:4      | Found an ornate altar of the Wu Jian Council.
  3047 | D:4      | Found a hazy altar of Hepliaklqana.
  3070 | D:4      | Became a worshipper of Cheibriados the Contemplative
  3450 | D:5      | Entered Level 5 of the Dungeon
  3460 | D:5      | Found Mimpeis's Elemental Accessories.
  3684 | D:5      | Found a burning altar of Makhleb.
  3687 | D:5      | Found a glowing silver altar of Zin.
  3687 | D:5      | Noticed an angel
  3688 | D:5      | Noticed a green death
  3770 | D:5      | Found an ancient bone altar of Kikubaaqudgha.
  3833 | D:5      | Reached skill level 1 in Invocations
  3950 | D:5      | Reached skill level 5 in Transmutations
  3953 | D:5      | Reached * piety under Cheibriados
  4135 | D:6      | Got a pitted golden ring
  4137 | D:6      | Identified the ring "Hifumn" {MR+ Dex+4} (You found it on
                  | level 6 of the Dungeon)
  4192 | D:6      | Reached skill level 6 in Spellcasting
  4376 | D:6      | Reached skill level 6 in Poison Magic
  4376 | D:6      | Reached skill level 2 in Invocations
  4658 | D:7      | Reached skill level 3 in Invocations
  4678 | D:7      | Reached ** piety under Cheibriados
  4678 | D:7      | Reached skill level 4 in Invocations
  4688 | D:7      | Reached skill level 7 in Poison Magic
  4826 | D:7      | Found a sand-covered staircase.
  4831 | D:7      | Reached XP level 9. HP: 13/62 MP: 11/18
  4831 | D:7      | Reached skill level 5 in Invocations
  4842 | Ossuary  | Entered an ossuary
  6087 | D:7      | Found a shimmering blue altar of Sif Muna.
  6103 | D:7      | Reached skill level 1 in Fighting
  6103 | D:7      | Reached skill level 2 in Dodging
  6237 | D:7      | Reached *** piety under Cheibriados
  6280 | D:7      | Learned a level 3 spell: Inner Flame
  6287 | D:7      | Found a staircase to the Ecumenical Temple.
  6452 | D:7      | Found Vicw's Armour Boutique.
  6456 | D:7      | Bought a +0 pair of gloves for 49 gold pieces
  6474 | D:7      | Noticed Joseph
  6495 | D:7      | Killed Joseph
  6495 | D:7      | Reached skill level 2 in Fighting
  6495 | D:7      | Reached skill level 1 in Hexes
  6495 | D:7      | Reached skill level 8 in Poison Magic
  6495 | D:7      | Reached skill level 6 in Invocations
  6699 | D:7      | Reached skill level 2 in Hexes
  6970 | D:8      | Noticed an ice statue
  7004 | D:8      | Reached skill level 3 in Dodging
  7047 | D:8      | Found a sacrificial altar of Ru.
  7146 | D:8      | Reached skill level 3 in Fighting
  7202 | D:8      | Found a sparkling altar of Nemelex Xobeh.
  7206 | D:8      | Found an opulent altar of Gozag.
  7211 | D:8      | Killed an unseen horror
  7211 | D:8      | Reached **** piety under Cheibriados
  7211 | D:8      | Reached skill level 3 in Hexes
  7211 | D:8      | Reached XP level 10. HP: 64/78 MP: 4/19
  7371 | D:8      | Found a staircase to the Lair.
  7375 | D:8      | Reached skill level 4 in Fighting
  7615 | D:8      | Killed an ice statue
  7615 | D:8      | Reached skill level 4 in Dodging
  7615 | D:8      | Reached skill level 7 in Invocations
  7810 | D:9      | Reached skill level 3 in Fire Magic
  7852 | D:9      | Noticed a seven-headed hydra
  7860 | D:9      | Killed a seven-headed hydra
  7860 | D:9      | Reached skill level 5 in Fighting
  7860 | D:9      | Reached skill level 9 in Poison Magic
  7946 | D:9      | Reached ***** piety under Cheibriados
  8419 | D:10     | Entered Level 10 of the Dungeon
  8419 | D:10     | Found a radiant altar of Vehumet.
  8419 | D:10     | Noticed Urug
  8426 | D:10     | Killed Urug
  8426 | D:10     | Reached skill level 5 in Dodging
  8426 | D:10     | Reached skill level 4 in Fire Magic
  8479 | D:10     | Noticed a two-headed ogre
  8486 | D:10     | Killed a two-headed ogre
  8486 | D:10     | Reached skill level 8 in Invocations
  8486 | D:10     | Reached XP level 11. HP: 85/89 MP: 7/20
  8994 | D:11     | Found a staircase to the Orcish Mines.
  8997 | D:11     | Reached skill level 6 in Fighting
  9201 | D:11     | Noticed a brown ugly thing
  9210 | D:11     | Killed a brown ugly thing
  9386 | D:11     | Got a shimmering turquoise ring
  9390 | D:11     | Identified the ring "Sayckour" {rC+ rN+ Str+6 Stlth+} (You
                  | found it on level 11 of the Dungeon)
  9681 | D:11     | You fall into a shaft and drop 2 floors!
  9759 | D:13     | Learned a level 4 spell: Ice Form
  9771 | D:13     | Reached skill level 6 in Dodging
  9775 | D:13     | Noticed a tengu warrior
  9782 | D:13     | Killed a tengu warrior
  9782 | D:13     | Reached skill level 1 in Ice Magic
  9785 | D:13     | Reached skill level 1 in Shields
  9785 | D:13     | Reached skill level 10 in Poison Magic
  9785 | D:13     | Reached skill level 9 in Invocations
  9944 | D:13     | Killed an unseen horror
  9944 | D:13     | Reached ****** piety under Cheibriados
  9944 | D:13     | Reached skill level 7 in Fighting
  9944 | D:13     | Reached skill level 2 in Ice Magic
 10249 | D:12     | Reached skill level 2 in Shields
 10331 | D:12     | Noticed a purple ugly thing
 10338 | D:12     | Killed a purple ugly thing
 10389 | D:12     | Found a flagged portal.
 10394 | Bailey   | Entered a bailey
 10537 | Bailey   | Noticed an orc warlord
 10586 | Bailey   | Noticed an orc knight
 10639 | Bailey   | Killed an orc knight
 10639 | Bailey   | Reached skill level 3 in Shields
 10694 | Bailey   | Found a runed translucent gate.
 10702 | Bailey   | Found a runed translucent gate.
 10703 | Bailey   | Found a runed translucent gate.
 10836 | Bailey   | Killed an orc warlord
 10836 | Bailey   | Reached XP level 12. HP: 27/101 MP: 1/21
 10862 | Bailey   | Identified a scroll of acquirement
 10882 | Bailey   | Identified the +2 buckler "Toefres" {+Inv} (You acquired it
                  | in a bailey)
 11177 | D:12     | Identified the +8 hand crossbow of Tumult {venom, -Tele rN+
                  | Int+2} (You acquired it on level 12 of the Dungeon)
 11177 | D:12     | Identified the ring "Uzoteut" {rF+ Str+4 SInv} (You
                  | acquired it on level 12 of the Dungeon)
 11202 | D:12     | Reached skill level 7 in Dodging
 11367 | D:12     | Reached skill level 8 in Fighting
 11634 | D:12     | Reached skill level 4 in Shields
 11869 | D:11     | Found Oxamoah's Assorted Antiques.
 11881 | D:11     | Bought a scroll of teleportation for 114 gold pieces
 11881 | D:11     | Bought a scroll of blinking for 285 gold pieces
 11881 | D:11     | Bought a potion of curing for 114 gold pieces
 11881 | D:11     | Bought a scroll of fog for 76 gold pieces
 11896 | D:11     | Reached skill level 10 in Invocations
 12524 | Lair:1   | Entered Level 1 of the Lair of Beasts
 12626 | Orc:1    | Entered Level 1 of the Orcish Mines
 12626 | Orc:1    | Found Wooshewo's Armour Boutique.
 12634 | Orc:1    | Bought a +0 pair of boots for 67 gold pieces
 12641 | Orc:1    | Noticed Fannar
 12644 | Orc:1    | Noticed an orc high priest
 12647 | Orc:1    | Killed Fannar
 12650 | Orc:1    | Killed an orc high priest
 12650 | Orc:1    | Reached skill level 11 in Poison Magic
 12658 | Orc:1    | Found Jegaifi's Armour Emporium.
 12688 | Orc:2    | Entered Level 2 of the Orcish Mines
 12715 | Orc:1    | Bought the +3 hat of Pondering {ponderous, MR+ MP+10 Int+5}
                  | for 457 gold pieces
 12715 | Orc:1    | Found the +3 hat of Pondering {ponderous, MR+ MP+10 Int+5}
 12754 | Orc:1    | Found Gotyit's Book Emporium.
 12781 | Orc:1    | Reached skill level 9 in Fighting
 12827 | Orc:1    | Found a dark tunnel.
 12834 | Volcano  | Entered a volcano
 12880 | Volcano  | Reached skill level 8 in Dodging
 13076 | Volcano  | Reached skill level 1 in Throwing
 13076 | Volcano  | Reached XP level 13. HP: 90/111 MP: 22/22
 13077 | Volcano  | Reached skill level 11 in Invocations
 13255 | Orc:1    | Noticed an orc warlord
 13262 | Orc:1    | Killed an orc warlord
 13262 | Orc:1    | Reached skill level 2 in Throwing
 13262 | Orc:1    | Reached skill level 1 in Evocations
 13287 | Orc:1    | Noticed an orc warlord
 13299 | Orc:1    | Killed an orc warlord
 13299 | Orc:1    | Reached skill level 10 in Fighting
 13299 | Orc:1    | Reached skill level 2 in Evocations
 13616 | Orc:2    | Paralysed by an orc sorcerer for 3 turns
 13625 | Orc:2    | Reached skill level 3 in Throwing
 13908 | Orc:2    | Reached skill level 3 in Evocations
 13943 | Orc:2    | Noticed Saint Roka
 13951 | Orc:2    | Reached skill level 9 in Dodging
 13958 | Orc:2    | Killed Saint Roka
 13958 | Orc:2    | Reached skill level 12 in Poison Magic
 13958 | Orc:2    | Reached skill level 4 in Evocations
 14338 | Orc:2    | Reached skill level 4 in Throwing
 14381 | Orc:2    | Found a roughly hewn altar of Beogh.
 14401 | Orc:2    | Found Votarest's General Store.
 14413 | Orc:2    | Found Qegaakhiolu's Antique Weapon Shop.
 14418 | Orc:2    | Found Yrroclypp's Antique Armour Shop.
 14449 | Orc:2    | Found Loroqot's Jewellery Shop.
 14505 | Orc:2    | Bought 3 potions of heal wounds for 225 gold pieces
 14505 | Orc:2    | Bought a potion of invisibility for 120 gold pieces
 14505 | Orc:2    | Bought a potion of agility for 60 gold pieces
 14571 | Orc:2    | Bought a pair of embroidered gloves for 225 gold pieces
 14607 | Orc:2    | Found a roughly hewn altar of Beogh.
 14649 | Orc:2    | Noticed a stone giant
 14659 | Orc:2    | Killed a stone giant
 14659 | Orc:2    | Reached XP level 14. HP: 104/122 MP: 14/23
 14713 | Orc:2    | Found Kogoe's Jewellery Boutique.
 14729 | Orc:2    | Found a staircase to the Elven Halls.
 15237 | Lair:1   | Reached skill level 12 in Invocations
 15954 | Lair:2   | Learned a level 2 spell: Blink
 16020 | Lair:2   | Reached skill level 5 in Evocations
 16020 | Lair:2   | Reached skill level 4 in Hexes
 16054 | Lair:2   | Reached skill level 11 in Fighting
 16077 | Lair:2   | Reached skill level 1 in Translocations
 16087 | Lair:2   | Found a staircase to the Swamp.
 16433 | Lair:2   | Reached skill level 5 in Fire Magic
 17219 | Lair:3   | Reached skill level 5 in Throwing
 17222 | Lair:3   | Reached skill level 2 in Translocations
 17382 | Lair:3   | Found a shimmering altar of Xom.
 17734 | Lair:4   | Noticed Rupert
 17740 | Lair:4   | Killed Rupert
 17914 | Lair:4   | Reached skill level 6 in Evocations
 18140 | Lair:4   | Reached skill level 2 in Stealth
 18200 | Lair:4   | Found a staircase to the Snake Pit.
 18673 | Lair:5   | Reached skill level 10 in Dodging
 18827 | Lair:5   | Found a staircase to the Slime Pits.
 19155 | Lair:6   | Entered Level 6 of the Lair of Beasts
 19375 | Lair:6   | Reached XP level 15. HP: 81/130 MP: 14/24
 19485 | Lair:6   | Reached skill level 3 in Stealth
 19485 | Lair:6   | Reached skill level 6 in Fire Magic
 19500 | Lair:6   | Got a transparent shield
 19511 | Lair:6   | Identified the +4 shield "Qoejehat" {rC+ Str-2 SInv} (You
                  | found it on level 6 of the Lair of Beasts)
 20344 | Lair:6   | Reached skill level 6 in Throwing
 20634 | Lair:6   | Reached skill level 7 in Evocations
 21202 | D:14     | Reached skill level 7 in Spellcasting
 21263 | D:14     | You fall into a shaft and drop 1 floor!
 21263 | D:15     | Entered Level 15 of the Dungeon
 21352 | D:15     | Reached skill level 4 in Stealth
 21352 | D:15     | Reached skill level 13 in Invocations
 21752 | D:14     | Reached skill level 12 in Fighting
 21820 | D:14     | Reached skill level 5 in Shields
 21868 | D:14     | Found a gate to the Vaults.
 21966 | D:14     | Learned a level 5 spell: Yara's Violent Unravelling
 22043 | D:14     | Reached skill level 6 in Transmutations
 22845 | D:15     | Found a staircase to the Depths.
 23139 | D:15     | Reached skill level 7 in Throwing
 23567 | Elf:1    | Entered Level 1 of the Elven Halls
 23570 | Elf:1    | Reached skill level 8 in Evocations
 23823 | Orc:2    | Reached XP level 16. HP: 72/139 MP: 27/27
 24032 | Elf:1    | Reached skill level 5 in Stealth
 24742 | Elf:1    | Reached skill level 6 in Shields
 24772 | Elf:1    | Reached skill level 8 in Spellcasting
 25495 | Elf:2    | Reached skill level 8 in Throwing
 25590 | Elf:2    | Reached skill level 11 in Dodging
 25591 | Elf:2    | Reached skill level 7 in Transmutations
 26198 | Elf:2    | Found a huge runed translucent gate.
 26198 | Elf:2    | Found a huge runed translucent gate.
 26208 | Elf:2    | Found a huge runed translucent gate.
 26241 | Elf:2    | Reached skill level 9 in Evocations
 27003 | Elf:2    | Found a huge runed translucent gate.
 27003 | Elf:2    | Found a huge runed translucent gate.
 27042 | Elf:3    | Entered Level 3 of the Elven Halls
 27266 | Elf:3    | Reached XP level 17. HP: 96/148 MP: 28/29
 27701 | Elf:3    | Reached skill level 9 in Throwing
 27775 | Elf:3    | Found Yxkedwil's Distillery.
 27793 | Elf:3    | Bought a potion of heal wounds for 70 gold pieces
 27793 | Elf:3    | Bought a potion of curing for 42 gold pieces
 27793 | Elf:3    | Bought a potion of curing for 42 gold pieces
 27793 | Elf:3    | Bought a potion of agility for 56 gold pieces
 27957 | Elf:3    | Reached skill level 7 in Shields
 27962 | Elf:3    | Reached skill level 14 in Invocations
 28230 | Elf:3    | Reached skill level 13 in Fighting
 28230 | Elf:3    | Reached skill level 1 in Long Blades
 28230 | Elf:3    | Reached skill level 9 in Spellcasting
 28239 | Elf:3    | Noticed an Ice Fiend
 28249 | Elf:3    | Reached skill level 2 in Long Blades
 28287 | Elf:3    | Reached skill level 8 in Transmutations
 28291 | Elf:3    | Noticed a deep elf master archer
 28300 | Elf:3    | Killed a deep elf master archer
 28300 | Elf:3    | Reached skill level 3 in Long Blades
 28302 | Elf:3    | Noticed a deep elf blademaster
 28560 | Elf:3    | Killed a deep elf blademaster
 28762 | Elf:3    | Noticed a deep elf master archer
 28774 | Elf:3    | Killed a deep elf master archer
 28779 | Elf:3    | Reached skill level 4 in Long Blades
 28997 | Elf:3    | Got a steaming wooden ring
 28998 | Elf:3    | Identified the ring "Sen Ciacs" {*Drain rN++ MP+9 Int+6
                  | Slay+2} (You found it on level 3 of the Elven Halls)
 29333 | Swamp:1  | Entered Level 1 of the Swamp
 29358 | Swamp:1  | Reached skill level 10 in Evocations
 29786 | Swamp:1  | Reached skill level 10 in Throwing
 30071 | Swamp:1  | Found a stormy altar of Qazlal.
 30260 | Swamp:1  | Reached XP level 18. HP: 158/158 MP: 31/31
 30487 | Swamp:2  | Reached skill level 5 in Long Blades
 30691 | Swamp:2  | Noticed Louise
 30712 | Swamp:2  | Reached skill level 8 in Shields
 30718 | Swamp:2  | Killed Louise
 31361 | Swamp:3  | Reached skill level 10 in Spellcasting
 31383 | Swamp:3  | Learned a level 1 spell: Apportation
 31456 | Swamp:3  | Reached skill level 6 in Long Blades
 31876 | Swamp:3  | Reached skill level 9 in Transmutations
 32057 | Swamp:4  | Entered Level 4 of the Swamp
 32230 | Swamp:4  | Reached skill level 12 in Dodging
 32733 | Swamp:4  | Reached skill level 11 in Throwing
 32756 | Swamp:4  | Reached skill level 7 in Long Blades
 33158 | Swamp:4  | Reached skill level 8 in Long Blades
 33158 | Swamp:4  | Reached XP level 19. HP: 134/166 MP: 33/33
 33275 | Swamp:4  | Reached skill level 9 in Long Blades
 33554 | Swamp:4  | Reached skill level 14 in Fighting
 33575 | Swamp:4  | Reached skill level 9 in Shields
 33632 | Swamp:4  | Got a decaying rune of Zot
 33926 | Snake:1  | Entered Level 1 of the Snake Pit
 34135 | Snake:1  | Reached XP level 20. HP: 165/174 MP: 33/34
 34663 | Snake:2  | Reached skill level 3 in Translocations
 34830 | Snake:2  | Reached skill level 10 in Long Blades
 35052 | Snake:2  | Noticed Vashnia
 35494 | Snake:2  | Reached skill level 10 in Transmutations
 35690 | Snake:2  | Shot with an arrow by Vashnia

Levels and vault maps discovered:
D:1:      mrwooster_arrival_statue_2, layout_loops_ring
D:2:      layout_rooms, uniq_terence, uniq_sigmund, uniq_jessica
D:3:      layout_loops_ring, grunt_decor_mini_mirrors, kennysheep_cluttered_room
D:4:      layout_basic, grunt_qazlal_sundering, grunt_temple_overflow_open,
          xom_redecorated
D:5:      layout_rooms, grunt_temple_overflow_order_and_chaos_2,
          lemuel_zombie_altar_kikubaaqudgha, first_ration,
          corexii_item_surrounded_by_moat, nicolae_elemental_shop
D:6:      layout_basic
D:7:      layout_basic, kennysheep_mini_moat, temple_hall,
          nicolae_ossuary_entry_monument, serial_shops, nicolae_shop_crystal,
          grunt_ogre_cave, minmay_crystal_room, uniq_joseph
D:8:      minmay_statue_hallways, layout_basic, grunt_temple_overflow_opulence,
          kennysheep_little_box, grunt_lair_entry_orc_guard_hut
D:9:      layout_cave_pods, kennysheep_generic_room_7
D:10:     layout_roguey, basic_altar, serial_park_tiny_2, uniq_urug
D:11:     layout_stronghold, david_orc_3, serial_shops, shop, eino_jars
D:12:     layout_basic, enter_bailey_3
D:13:     layout_cave_pools
D:14:     layout_long_grid, hangedman_vaults_entry_quadrant_bands,
          hangedman_decor_push, serial_glass, glass_columns_a, glass_columns_a
D:15:     grunt_enter_depths_snipers, layout_loops_cross, roderic_lattice_a
Lair:1:   layout_gridlike
Lair:2:   beast_lair_carwin_large_4, layout_long_grid, swamp_mist
Lair:3:   layout_roguey, basic_altar, grunt_megastairs_1
Lair:4:   layout_cave_pods, minmay_snake_entry_guardpost_small,
          infiniplex_staircase_pool, uniq_rupert
Lair:5:   layout_misc_corridors, dpeg_slime_entry_corner,
          chequers_serial_rivers_small_b
Lair:6:   due_jungle_book, layout_cave_pods
Swamp:1:  layout_basic_swamp, lemuel_altar_in_water
Swamp:2:  layout_basic_swamp, nicolae_swamp_feature_on_the_river_bank,
          uniq_louise
Swamp:3:  layout_basic_swamp, evilmike_swamp_ruin_wall, swamp_pool2
Swamp:4:  swamp_basic_johnstein, layout_basic_swamp, swamp_pool2,
          evilmike_swamp_ruin_house_1
Snake:1:  layout_misc_corridors, corexii_hall_statues_l
Snake:2:  layout_misc_corridors, nrook_guardian_serpent_double, uniq_vashnia
Orc:1:    layout_diamond_mine, enter_volcano_2, serial_shops, shop,
          nicolae_shop_temple_entry_statues_fountains, shop,
          minmay_orc_treasury, uniq_fannar
Orc:2:    grunt_orc_cross, layout_diamond_mine, serial_shops, shop_coins,
          mines1_david
Elf:1:    minmay_ambush_box, layout_geoelf_octagon, minivault_28,
          serial_sigils_hangedman_quiver, unseen_surprise_small
Elf:2:    layout_geoelf_diagonals, grunt_megastairs_2
Elf:3:    minmay_elf_hall_dome, layout_loops_corners, serial_shops, shop

Skill      XL: |  1  2  3  4  5  6  7  8  9 10 11 12 13 14 15 16 17 18 19 20 |
---------------+-------------------------------------------------------------+-----
Spellcasting   | 3 4 5 6 7 8 9 10 | 10.0
Conjurations   | 1 2 |  2.0
Transmutations | 2 3 4 5 6 7 8 9 10 | 10.0
Air Magic      | 1 2 3 |  3.0
Poison Magic   | 4 5 7 8 9 10 11 12 | 12.1
Fire Magic     | 1 2 4 5 6 |  6.0
Invocations    | 4 6 8 9 10 11 12 13 14 | 14.0
Fighting       | 3 5 7 9 10 11 12 13 14 | 14.3
Dodging        | 3 5 6 8 9 10 11 12 | 12.5
Hexes          | 3 4 |  4.0
Ice Magic      | 2 |  2.0
Shields        | 3 4 5 6 7 8 9 |  9.5
Throwing       | 1 4 5 7 8 10 11 | 11.5
Evocations     | 4 6 8 9 10 | 10.0
Translocations | 2 3 |  3.5
Stealth        | 2 4 5 |  5.6
Long Blades    | 4 8 9 10 | 10.1

Action                   |  1- 3 |  4- 6 |  7- 9 | 10-12 | 13-15 | 16-18 | 19-21 || total
-------------------------+-------+-------+-------+-------+-------+-------+-------++-------
Melee: Unarmed           |     8 |       |    14 |    29 |    12 |       |       ||    63
       Tailslap          |     3 |     9 |    79 |   122 |   245 |   263 |    81 ||   802
       Whip              |    18 |   115 |   201 |    30 |       |       |       ||   364
       Spear             |     3 |       |   103 |       |       |       |       ||   106
       Short sword       |     1 |       |       |       |       |       |       ||     1
       Dagger            |       |       |    96 |       |       |       |       ||    96
       Quarterstaff      |       |       |    30 |   252 |       |       |       ||   282
       Staff             |       |       |       |    95 |   113 |     5 |       ||   213
       Double sword      |       |       |       |    11 |     3 |       |       ||    14
       Demon blade       |       |       |       |       |   546 |   715 |   276 ||  1537
Throw: Javelin           |       |       |     6 |       |       |     8 |       ||    14
       Boomerang         |       |       |    37 |       |    65 |   178 |   145 ||   425
       Dart              |       |       |     1 |       |       |       |       ||     1
 Cast: Sting             |    25 |    14 |    30 |     3 |     2 |       |       ||    74
       Poisonous Vapours |     3 |    16 |    27 |    39 |    23 |     2 |       ||   110
       Mephitic Cloud    |       |       |    11 |    20 |    21 |    10 |    18 ||    80
       Olgreb's Toxic Ra |       |       |    10 |    49 |    90 |   121 |    12 ||   282
       Ignite Poison     |       |       |     5 |    47 |    61 |    74 |    20 ||   207
       Ice Form          |       |       |       |     6 |     3 |       |       ||     9
       Inner Flame       |       |       |       |       |     8 |       |       ||     8
       Blink             |       |       |       |       |     8 |    17 |     6 ||    31
       Yara's Violent Un |       |       |       |       |       |       |     1 ||     1
Invok: Bend Time         |       |       |       |     1 |       |       |       ||     1
       Slouch            |       |       |       |     4 |    15 |    20 |     6 ||    45
       Step From Time    |       |       |       |       |       |       |     1 ||     1
 Abil: Breathe Dispellin |       |       |     2 |     1 |     1 |       |       ||     4
Evoke: Wand              |       |       |    17 |    21 |     8 |     4 |     4 ||    54
       Phantom mirror    |       |       |       |       |       |       |     1 ||     1
  Use: Scroll            |       |     6 |    11 |    16 |     2 |     6 |     3 ||    44
       Potion            |       |       |     2 |       |     2 |     3 |     6 ||    13
 Stab: Confused          |       |       |     3 |     1 |     4 |     1 |     2 ||    11
       Paralysed         |       |       |     8 |       |     8 |     9 |       ||    25
       Sleeping          |       |       |     1 |     7 |    20 |     6 |     7 ||    41
       Distracted        |       |       |       |     1 |     1 |     1 |     6 ||     9
  Eat: Chunk             |     1 |     4 |     9 |    11 |    24 |    14 |     2 ||    65
       Ration            |       |       |     2 |     1 |     1 |     1 |     2 ||     7
Armor: Skin              |    12 |    34 |   224 |   170 |   159 |   177 |    39 ||   815
Dodge: Dodged            |    28 |    72 |   280 |   546 |   613 |   571 |   251 ||  2361
Block: Buckler           |       |       |       |    18 |   176 |       |       ||   194
       Shield            |       |       |       |       |   335 |   727 |   339 ||  1401
       Rpst.: Double sword |       |       |       |     1 |       |       |       ||     1
       Demon blade       |       |       |       |       |   122 |   138 |    30 ||   290

Table legend:
 A = Non-vault XP
 B = Vault XP
 C = Vault XP percentage of total XP
 D = Non-vault monster count
 E = Vault monster count
 F = Vault count percentage of total count
                 A         B        C        D         E       F
            +---------+---------+-------+---------+---------+-------
      Total |  276508 |  138771 |  33.4 |     933 |     313 |  25.1
            +---------+---------+-------+---------+---------+-------
        D:1 |      46 |       0 |   0.0 |      20 |       0 |   0.0
        D:2 |      54 |     304 |  84.9 |      16 |       3 |  15.8
        D:3 |     268 |       0 |   0.0 |      32 |       0 |   0.0
        D:4 |     870 |       0 |   0.0 |      30 |       0 |   0.0
        D:5 |     261 |       2 |   0.8 |       8 |       1 |  11.1
        D:6 |     333 |       0 |   0.0 |      12 |       0 |   0.0
        D:7 |    1617 |     486 |  23.1 |      32 |       2 |   5.9
        D:8 |    1535 |     945 |  38.1 |      11 |       6 |  35.3
        D:9 |    1353 |    1197 |  46.9 |      19 |       2 |   9.5
       D:10 |    1634 |     824 |  33.5 |      12 |       1 |   7.7
       D:11 |    3466 |     656 |  15.9 |      31 |      12 |  27.9
       D:12 |    5879 |       7 |   0.1 |      28 |       4 |  12.5
       D:13 |    3141 |       0 |   0.0 |      20 |       0 |   0.0
       D:14 |   12660 |    4924 |  28.0 |      40 |      14 |  25.9
       D:15 |   15221 |    2470 |  14.0 |      33 |       3 |   8.3
     Lair:1 |    5593 |       0 |   0.0 |      24 |       0 |   0.0
     Lair:2 |    7398 |    1542 |  17.2 |      27 |      16 |  37.2
     Lair:3 |    3436 |     677 |  16.5 |      10 |       2 |  16.7
     Lair:4 |    7946 |    3648 |  31.5 |      28 |       5 |  15.2
     Lair:5 |    2963 |       0 |   0.0 |      13 |       0 |   0.0
     Lair:6 |   15333 |    2859 |  15.7 |      37 |       5 |  11.9
    Swamp:1 |   17229 |       0 |   0.0 |      48 |       0 |   0.0
    Swamp:2 |   17717 |    1696 |   8.7 |      53 |       1 |   1.9
    Swamp:3 |   14733 |       0 |   0.0 |      36 |       0 |   0.0
    Swamp:4 |   18109 |   22425 |  55.3 |      46 |      28 |  37.8
    Snake:1 |   27159 |       0 |   0.0 |      52 |       0 |   0.0
    Snake:2 |   19082 |    3978 |  17.3 |      45 |       6 |  11.8
      Orc:1 |    2743 |   10635 |  79.5 |      32 |      50 |  61.0
      Orc:2 |    5699 |   13430 |  70.2 |      47 |      37 |  44.0
      Elf:1 |   16169 |    9978 |  38.2 |      25 |      18 |  41.9
      Elf:2 |   26940 |    4180 |  13.4 |      37 |       6 |  14.0
      Elf:3 |   19921 |   42651 |  68.2 |      29 |      28 |  49.1
    Ossuary |       0 |     182 | 100.0 |       0 |      16 | 100.0
     Bailey |       0 |    2621 | 100.0 |       0 |      27 | 100.0
    Volcano |       0 |    6454 | 100.0 |       0 |      20 | 100.0
            +---------+---------+-------+---------+---------+-------
